 Dungeon Crawl Stone Soup version 0.29-a0-541-gaf1fc19f1b (webtiles) character file.

Game seed: 6867836889567782000

305 YayAnonymity the Shield-Bearer (level 6, -12/53 HPs)
             Began as a Gnoll Fighter on June 3, 2022.
             Killed by divine providence
             ... invoked by an orc priest
              (17 damage)
             ... on level 4 of the Dungeon.
             The game lasted 00:04:24 (3392 turns).

YayAnonymity the Shield-Bearer (Gnoll Fighter)      Turns: 3392, Time: 00:04:24

Health: -12/53     AC: 10    Str: 18    XL:     6   Next: 39%
Magic:  0/8        EV: 10    Int:  7    God:
Gold:   95         SH:  5    Dex: 11    Spells: 8/8 levels left

rFire   . . .      SeeInvis .   t - +2 falchion (elec)
rCold   . . .      Faith    .   c - +0 buckler
rNeg    . . .      Spirit   +   b - +0 scale mail
rPois   .          Reflect  .   q - +0 helmet
rElec   .          Harm     .   (no cloak)
rCorr   .          Rampage  .   (no gloves)
Will    .....                   h - +0 pair of boots
Stlth   ..........              i - amulet of guardian spirit
HPRegen 0.17/turn               (no ring)
MPRegen 0.11/turn               (no ring)

@: no status effects
A: fangs 1, strong nose, distributed training
a: no special abilities


You were on level 4 of the Dungeon.
You visited 1 branch of the dungeon, and saw 4 of its levels.

You collected 95 gold pieces.

Inventory:

Hand Weapons
 a - a +0 trident
 t - a +2 falchion of electrocution (weapon)
Missiles
 f - 13 poisoned darts (quivered)
 u - 2 boomerangs
Armour
 b - a +0 scale mail (worn)
 c - a +0 buckler (worn)
 h - a +0 pair of boots (worn)
 q - a +0 helmet (worn)
Jewellery
 i - an amulet of guardian spirit (around neck)
 v - a +6 ring of strength
Scrolls
 g - 4 scrolls of identify {unknown}
 m - 2 scrolls of poison {unknown}
 n - a scroll of noise {unknown}
 o - a scroll of teleportation {unknown}
 p - 2 scrolls of enchant armour {unknown}
 r - a scroll of immolation {unknown}
 s - a scroll of amnesia {unknown}
Potions
 d - 2 potions of might
 e - 2 potions of heal wounds {unknown}
 j - 2 potions of curing {unknown}
 k - 3 potions of mutation {unknown}
 l - 3 potions of haste {unknown}
 w - a potion of degeneration {unknown}


   Skills:
 + Level 6.8 Fighting
 + Level 1.9 Short Blades
 + Level 1.9 Long Blades
 + Level 1.9 Axes
 + Level 1.9 Maces & Flails
 + Level 5.0 Polearms
 + Level 1.9 Staves
 + Level 1.9 Slings
 + Level 1.9 Bows
 + Level 1.9 Crossbows
 + Level 1.9 Throwing
 + Level 6.8 Armour
 + Level 1.9 Dodging
 + Level 1.9 Stealth
 + Level 6.8 Shields
 + Level 1.9 Unarmed Combat
 + Level 1.9 Spellcasting
 + Level 1.5 Conjurations
 + Level 1.5 Hexes
 + Level 1.5 Summonings
 + Level 1.5 Necromancy
 + Level 1.5 Translocations
 + Level 1.5 Transmutations
 + Level 1.5 Fire Magic
 + Level 1.5 Ice Magic
 + Level 1.5 Air Magic
 + Level 1.5 Earth Magic
 + Level 1.5 Poison Magic
 + Level 2.1 Invocations
 + Level 1.9 Evocations


You had 8 spell levels left.
You didn't know any spells.
Your spell library contained the following spells:

 Spells                   Type           Power      Damage    Failure   Level
 Apportation              Tloc           4%         N/A       58%         1
 Necrotize                Necr           8%         1d4       58%         1
 Summon Small Mammal      Summ           8%         N/A       58%         1
 Conjure Flame            Conj/Fire      2%         6-21      91%         3
 Frozen Ramparts          Ice            4%         1d2       91%         3
 Ignite Poison            Fire/Tmut/Pois 2%         N/A       91%         3
 Ice Form                 Ice/Tmut       2%         N/A       100%        4
 Sticky Flame             Conj/Fire      2%         2d3       100%        4
 Summon Ice Beast         Ice/Summ       2%         N/A       100%        4


Dungeon Overview and Level Annotations

Branches:
Dungeon (4/15)
 Temple: D:4-7

Altars:

Shops:
D:2 (

Annotations:
D:3 3 runed translucent doors, happo123's ghost, amateur KoEn


Innate Abilities, Weirdness & Mutations

You have very sharp teeth.
Your uncanny sense of smell can sniff out nearby items.
Your experience applies equally to all skills.


Message History

An orc comes into view. It is wielding a +0 hand axe.
The orc shouts!
The orc priest miscasts a cantrip.
You're too confused to move!
An orc comes into view. It is wielding a +0 hand axe.
You see here a ball python corpse.
You feel less confused.
The orc priest calls down the wrath of Beogh upon you.
Beogh smites you!
You hear an angry hiss.
You slash the orc priest! Your bite misses the orc priest.
The orc priest is heavily wounded.
The orc completely misses you.
The orc priest hits you but does no damage.
You are electrocuted!
The orc priest barely misses you.
You closely miss the orc priest.
The orc priest is heavily wounded.
The orc hits you but does no damage.
The orc priest calls down the wrath of Beogh upon you.
Beogh smites you! You block the orc's attack.
The orc priest mumbles some strange prayers to Beogh against you.
Beogh smites you!
* * * LOW HITPOINT WARNING * * *
You hit the orc priest.
The orc priest is heavily wounded.
You block the orc's attack.
The orc priest hits you with a +2 hand axe of electrocution.
* * * LOW HITPOINT WARNING * * *
You are electrocuted!
* * * LOW HITPOINT WARNING * * *
You hit the orc priest.
The orc priest is heavily wounded.
You block the orc's attack. You block the orc priest's attack.
You closely miss the orc priest. Your bite misses the orc priest.
The orc priest is heavily wounded.
The orc barely misses you.
The orc priest mumbles some strange prayers to Beogh against you.
Beogh smites you!
You die...

...<....####...####
......#.###.###...## .
#.##..#.##.## ##)#.## ...
#.........## ##.#.###...#
#..##.#.#.# #.#......# #..
#.#.#.# ##.#.###..# .. .
..##. ##.#.## ...
#...##### #.###...##### ∆#
#... #.@o#......# #...#
########o#.####.# #...#
#.....o.o....#
####...###.#.#.##.#.#.#
.............#.##.#.....
........o†...#.##.###.....
........o....#.##.# ##....
###....o##.###..... ....
#[....##.....##.# ###


You could see an orc priest and 2 orcs.

Vanquished Creatures
  A black bear (D:4)
  An iguana (D:4)
  Natasha (thrice) (D:1)
  4 gnolls
  An adder (D:3)
  A worm (D:3)
  An orc (D:3)
  6 bats
  3 endoplasms
  2 giant cockroaches
  6 goblins
  6 hobgoblins
  7 jackals
  2 quokkas (D:1)
  6 ball pythons
  3 frilled lizards
  3 kobolds
  11 rats
67 creatures vanquished.

Notes
Turn   | Place    | Note
-------+----------+-------------------------------------------
     0 | D:1      | YayAnonymity the Gnoll Fighter began the quest for the Orb.
     0 | D:1      | Reached XP level 1. HP: 23/23 MP: 1/1
   218 | D:1      | Reached XP level 2. HP: 28/29 MP: 2/2
   472 | D:1      | Found a faded altar of an unknown god.
   573 | D:2      | Noticed Natasha
   574 | D:2      | Found Toufet's Weapon Shop.
   588 | D:1      | Killed Natasha
   589 | D:1      | Reached skill level 1 in Invocations
   589 | D:1      | Reached XP level 3. HP: 26/35 MP: 2/4
   610 | D:1      | Noticed Natasha
   619 | D:1      | Killed Natasha
   620 | D:1      | Reached skill level 1 in Short Blades
   620 | D:1      | Reached skill level 1 in Long Blades
   620 | D:1      | Reached skill level 1 in Axes
   620 | D:1      | Reached skill level 1 in Maces & Flails
   620 | D:1      | Reached skill level 1 in Staves
   620 | D:1      | Reached skill level 1 in Slings
   620 | D:1      | Reached skill level 1 in Bows
   620 | D:1      | Reached skill level 1 in Crossbows
   620 | D:1      | Reached skill level 1 in Throwing
   620 | D:1      | Reached skill level 1 in Dodging
   620 | D:1      | Reached skill level 1 in Stealth
   620 | D:1      | Reached skill level 1 in Unarmed Combat
   620 | D:1      | Reached skill level 1 in Spellcasting
   620 | D:1      | Reached skill level 1 in Evocations
   620 | D:1      | Reached XP level 4. HP: 24/41 MP: 5/5
  1002 | D:1      | Found a faded altar of an unknown god.
  1003 | D:1      | Noticed Natasha
  1020 | D:1      | Killed Natasha
  1021 | D:1      | Reached skill level 1 in Conjurations
  1021 | D:1      | Reached skill level 1 in Hexes
  1021 | D:1      | Reached skill level 1 in Summonings
  1021 | D:1      | Reached skill level 1 in Necromancy
  1021 | D:1      | Reached skill level 1 in Translocations
  1021 | D:1      | Reached skill level 1 in Transmutations
  1021 | D:1      | Reached skill level 1 in Fire Magic
  1021 | D:1      | Reached skill level 1 in Ice Magic
  1021 | D:1      | Reached skill level 1 in Air Magic
  1021 | D:1      | Reached skill level 1 in Earth Magic
  1021 | D:1      | Reached skill level 1 in Poison Magic
  1310 | D:2      | Reached XP level 5. HP: 35/47 MP: 6/6
  2759 | D:3      | Found a runed translucent gate.
  2759 | D:3      | Found a runed translucent gate.
  2759 | D:3      | Found a runed translucent gate.
  2759 | D:3      | Noticed happo123's ghost (amateur KoEn)
  3278 | D:4      | Noticed a black bear
  3287 | D:4      | Killed a black bear
  3288 | D:4      | Reached skill level 5 in Polearms
  3288 | D:4      | Reached XP level 6. HP: 44/53 MP: 8/8
  3392 | D:4      | Killed from afar by an orc priest

Illustrated notes

Levels and vault maps discovered:
D:1:      minmay_arrival_semitransparent, layout_rooms,
          shapermc_ecumenical_altar_notcrosses, corexii_leaking_fountain
D:2:      layout_rooms, serial_shops, shop, lemuel_old_faithful, uniq_natasha
D:3:      layout_basic, ebering_ghost_rock_garden, minmay_bisected
D:4:      layout_loops_cross, serial_shops, nicolae_shop_hallway_plus,
          minmay_manual_mess, uniq_menkaure, uniq_crazy_yiuf_cottage

Skill      XL: |  1  2  3  4  5 |
---------------+----------------+-----
Invocations    | 1 2 |  2.1
Short Blades   | 1 |  1.9
Long Blades    | 1 |  1.9
Axes           | 1 |  1.9
Maces & Flails | 1 |  1.9
Staves         | 1 |  1.9
Slings         | 1 |  1.9
Bows           | 1 |  1.9
Crossbows      | 1 |  1.9
Throwing       | 1 |  1.9
Dodging        | 1 |  1.9
Stealth        | 1 |  1.9
Unarmed Combat | 1 |  1.9
Spellcasting   | 1 |  1.9
Evocations     | 1 |  1.9
Conjurations   | 1 |  1.5
Hexes          | 1 |  1.5
Summonings     | 1 |  1.5
Necromancy     | 1 |  1.5
Translocations | 1 |  1.5
Transmutations | 1 |  1.5
Fire Magic     | 1 |  1.5
Ice Magic      | 1 |  1.5
Air Magic      | 1 |  1.5
Earth Magic    | 1 |  1.5
Poison Magic   | 1 |  1.5
Polearms       | 5 |  5.0
Fighting       | |  6.8
Armour         | |  6.8
Shields        | |  6.8

Action                   |  1- 3 |  4- 6 || total
-------------------------+-------+-------++-------
Melee: Trident           |    57 |   127 ||   184
       Bite              |     7 |    11 ||    18
       Falchion          |       |    49 ||    49
Armor: Scale mail        |    22 |    96 ||   118
Dodge: Dodged            |    24 |    87 ||   111
Block: Buckler           |    13 |    64 ||    77

Table legend: (Time is in decaauts)
 A = Elapsed time spent in this place.
 B = Non-inter-level travel time spent in this place.
 C = Inter-level travel time spent in this place.
 D = Time resting spent in this place.
 E = Time spent auto-exploring this place.
 F = Levels seen in this place.
 G = Mean time per level.
                   A        B        C        D        E       F      G
               +--------+--------+--------+--------+--------+-----+--------+
         Total |   3434 |   3342 |     92 |    292 |   2385 |   4 |  858.5 |
       Dungeon |   3434 |   3342 |     92 |    292 |   2385 |   4 |  858.5 |
               +--------+--------+--------+--------+--------+-----+--------+

Top non-repeatable levels by time:
     D:1: 1410 daAuts
     D:3: 1308 daAuts
     D:2: 523 daAuts
     D:4: 192 daAuts
